[Event "European Online Club-ch-B 2021"]
[Site "Online"]
[Date "2021.03.27"]
[Round "4.10"]
[White "Parkhov, Yair"]
[Black "Mathieu, Phileas"]
[Result "1-0"]
[ECO "A30"]
[WhiteElo "2407"]
[BlackElo "2240"]
[Annotator "NA"]
[PlyCount "161"]
[EventDate "2021.03.27"]
[EventType "team-tourn"]
[EventCountry "NET"]
[SourceTitle "playchess.com"]
[Source "ChessBase"]
[SourceQuality "1"]
[TimeControl "900+5"]

1. c4 c5 2. Nf3 Nc6 3. d4 cxd4 4. Nxd4 Qb6 5. Nc2 e6 6. Nc3 Nf6 7. e3 Be7 8. Be2 O-O 9. O-O Rd8 10. e4 Nb4 11. Be3 Qa5 12. Nd4 Nc6 13. a3 Nxd4 14. Qxd4 d6 15. b4 Qc7 16. Rac1 Bd7 17. Rfd1 a6 18. f3 Rac8 19. g4 h6 20. Kg2 Qb8 21. h4 Be8 22. Qd2 Nh7 23. g5 hxg5 24. hxg5 f6 25. f4 b5 26. cxb5 axb5 27. Bg4 Nf8 28. Rh1 fxg5 29. fxg5 Bg6 30. Rcf1 Qb7 31. Kg1 Qd7 32. Qh2 Nh7 33. Qh3 Kh8 34. Bxe6 Qe8 35. Bxc8 Rxc8 36. Nd5 Bf8 37. Nf4 Bxe4 38. Rh2 Rc3 39. Qg3 Kg8 40. g6 Bxg6 41. Nxg6 Qxe3+ 42. Qxe3 Rxe3 43. Rxh7 Kxh7 44. Nxf8+ Kg8 45. Nd7 g6 46. Rf8+ Kg7 47. Rb8 Rxa3 48. Rxb5 Kf7 49. Nb8 Ke6 50. Nc6 Rd3 51. Kf2 Kd7 52. Na5 Rc3 53. Ke2 Ke6 54. Kd2 Rc7 55. Rg5 Kf6 56. Rg1 g5 57. Kd3 Kf5 58. Rb1 Ra7 59. Nc6 Rb7 60. b5 Rb6 61. Kd4 g4 62. Ne7+ Ke6 63. Nd5 Rb7 64. b6 g3 65. Re1+ Kf5 66. Rf1+ Kg4 67. Rf4+ Kg5 68. Rf8 Kg4 69. Ne3+ Kh4 70. Rh8+ Kg5 71. Rg8+ Kf4 72. Rf8+ Kg5 73. Rf5+ Kg6 74. Rb5 Kf6 75. Kd5 Ke7 76. Kc6 Rb8 77. b7 Ke6 78. Kc7 Rxb7+ 79. Kxb7 d5 80. Rxd5 g2 81. Rg5 1-0

[Event "European Online Club-ch-B 2021"]
[Site "Online"]
[Date "2021.03.27"]
[Round "4.11"]
[White "Thomas, Anysia"]
[Black "Veinberg, Nimrod"]
[Result "0-1"]
[ECO "E18"]
[WhiteElo "2164"]
[BlackElo "2404"]
[Annotator "NA"]
[PlyCount "72"]
[EventDate "2021.03.27"]
[EventType "team-tourn"]
[EventCountry "NET"]
[SourceTitle "playchess.com"]
[Source "ChessBase"]
[SourceQuality "1"]
[TimeControl "900+5"]

1. d4 Nf6 2. c4 e6 3. Nf3 d5 4. g3 Be7 5. Bg2 O-O 6. O-O b6 7. Ne5 Bb7 8. Nc3 c5 9. cxd5 Nxd5 10. Nxd5 exd5 11. b3 Nd7 12. Bb2 Nxe5 13. dxe5 Qd7 14. e3 Rad8 15. Qf3 Ba8 16. Qf4 f6 17. exf6 Bxf6 18. Bxf6 Rxf6 19. Qh4 Bb7 20. Rad1 Qf7 21. e4 Rf8 22. f4 dxe4 23. Rfe1 Re8 24. Qg4 Qe6 25. Qh5 Rf5 26. Qe2 Rd5 27. Rc1 Rd4 28. Qh5 Red8 29. Bh3 Qf6 30. Bg2 Rd2 31. Rc4 g6 32. Qh3 R8d4 33. Rcc1 Rxa2 34. Qh6 Rxg2+ 35. Kxg2 e3+ 36. Kg1 Qc6 0-1

[Event "European Online Club-ch-B 2021"]
[Site "Online"]
[Date "2021.03.27"]
[Round "4.12"]
[White "Zlatin, Alexander"]
[Black "Frantz, Nicolas"]
[Result "1-0"]
[ECO "B22"]
[WhiteElo "2343"]
[BlackElo "2140"]
[Annotator "NA"]
[PlyCount "61"]
[EventDate "2021.03.27"]
[EventType "team-tourn"]
[EventCountry "NET"]
[SourceTitle "playchess.com"]
[Source "ChessBase"]
[SourceQuality "1"]
[TimeControl "900+5"]

1. e4 c5 2. d4 cxd4 3. c3 Nf6 4. e5 Nd5 5. cxd4 d6 6. Nf3 e6 7. Nc3 Nxc3 8. bxc3 Qc7 9. Bd2 Nd7 10. Bb5 a6 11. exd6 Bxd6 12. Bd3 O-O 13. O-O b5 14. a4 bxa4 15. Rxa4 Bb7 16. h3 Bf4 17. Bxf4 Qxf4 18. Bxh7+ Kxh7 19. Qb1+ Kg8 20. Qxb7 Nc5 21. g3 Qxg3+ 22. fxg3 Nxb7 23. Ne5 a5 24. c4 Rfd8 25. c5 f6 26. Nf3 e5 27. c6 Nd6 28. dxe5 fxe5 29. Nxe5 Nb5 30. Ng6 Ra7 31. Rh4 1-0

[Event "European Online Club-ch-B 2021"]
[Site "Online"]
[Date "2021.03.27"]
[Round "4.13"]
[White "Vidit, Santosh Gujrathi"]
[Black "Santos Latasa, Jaime"]
[Result "1-0"]
[ECO "D50"]
[WhiteElo "2726"]
[BlackElo "2608"]
[Annotator "ChessBase"]
[PlyCount "105"]
[EventDate "2021.03.27"]
[EventType "team-tourn"]
[EventCountry "NET"]
[SourceTitle "playchess.com"]
[Source "ChessBase"]
[SourceQuality "1"]
[TimeControl "900+5"]

1. d4 Nf6 2. c4 e6 3. Nf3 d5 4. Nc3 c5 5. cxd5 cxd4 6. Qxd4 exd5 7. Bg5 Be7 8. e3 O-O 9. Qa4 h6 10. Bh4 Nc6 11. Bb5 Bd7 12. O-O a6 13. Bxc6 bxc6 14. Ne5 Qc7 15. Nxd7 Qxd7 16. Rfd1 Qb7 17. Rd2 Rac8 18. Rad1 Rfd8 19. h3 Kf8 20. Bg3 Bb4 21. Qb3 Qe7 22. Rd4 Bxc3 23. bxc3 Ne4 24. Bf4 Qf6 25. Qc2 g5 26. Bh2 Qe7 27. c4 dxc4 28. Qxc4 c5 29. Rd5 Rxd5 30. Qxd5 Re8 31. Qf5 Kg8 32. Rc1 Qd8 33. Rf1 c4 34. h4 c3 35. hxg5 hxg5 36. f3 Nd2 37. Re1 Qe7 38. Bg3 Nc4 39. Qd3 Qb4 40. Rc1 Rxe3 41. Qd8+ Kh7 42. Qxg5 Qb5 43. Qh4+ Kg8 44. Qg4+ Kh7 45. Qh4+ Kg8 46. Bf2 Rd3 47. Bd4 Ne5 48. Qg5+ Ng6 49. Qf6 Kf8 50. Re1 Rxd4 51. Qxd4 c2 52. Rc1 Qb1 53. Qc5+ 1-0

[Event "European Online Club-ch-B 2021"]
[Site "Online"]
[Date "2021.03.27"]
[Round "4.15"]
[White "Sasikiran, Krishnan"]
[Black "Matnadze, Ana"]
[Result "1-0"]
[ECO "B12"]
[WhiteElo "2647"]
[BlackElo "2421"]
[Annotator "ChessBase"]
[PlyCount "83"]
[EventDate "2021.03.27"]
[EventType "team-tourn"]
[EventCountry "NET"]
[SourceTitle "playchess.com"]
[Source "ChessBase"]
[SourceQuality "1"]
[TimeControl "900+5"]

1. e4 c6 2. d4 d5 3. e5 a6 4. Nd2 c5 5. dxc5 Qc7 6. Ngf3 Bg4 7. c4 e6 8. b4 Nc6 9. Bb2 Bxf3 10. Nxf3 Nxb4 11. Qa4+ Nc6 12. cxd5 exd5 13. Bb5 Bxc5 14. Rc1 Qb6 15. Bxc6+ bxc6 16. O-O Ne7 17. Qc2 Bb4 18. a3 Ba5 19. Bd4 Qd8 20. Bc5 O-O 21. Ng5 Ng6 22. Bxf8 Qxg5 23. Bd6 Nf4 24. g3 Rc8 25. Kh1 Ne6 26. Qa4 Bd2 27. Rxc6 Rd8 28. Rxa6 h5 29. Ra8 d4 30. Qc6 Rxa8 31. Qxa8+ Kh7 32. Qe4+ g6 33. Rd1 Ba5 34. Qf3 Kg7 35. h4 Qd8 36. Rb1 Qd7 37. Rb7 Qe8 38. Kh2 Bd8 39. Rb8 Qd7 40. a4 Qa7 41. Rb7 Qxa4 42. Qxf7+ 1-0

[Event "European Online Club-ch-B 2021"]
[Site "Online"]
[Date "2021.03.27"]
[Round "4.18"]
[White "Fontaine, Robert"]
[Black "Svane, Rasmus"]
[Result "1-0"]
[ECO "B15"]
[WhiteElo "2550"]
[BlackElo "2613"]
[Annotator "ChessBase"]
[PlyCount "181"]
[EventDate "2021.03.27"]
[EventType "team-tourn"]
[EventCountry "NET"]
[SourceTitle "playchess.com"]
[Source "ChessBase"]
[SourceQuality "1"]
[TimeControl "900+5"]

1. e4 c6 2. d4 d5 3. Nd2 dxe4 4. Nxe4 Nf6 5. Nxf6+ exf6 6. c3 Bd6 7. Bd3 O-O 8. Ne2 Re8 9. O-O Nd7 10. Bf4 Nf8 11. Qd2 Be6 12. Rfe1 Ng6 13. Bg3 Qd7 14. a3 Rad8 15. Rad1 Bb3 16. Bc2 Bd5 17. Bxd6 Qxd6 18. Ng3 Qf4 19. Qxf4 Nxf4 20. f3 g6 21. Kf2 f5 22. Nf1 Kg7 23. h4 Be6 24. Re5 Rd6 25. Rde1 Red8 26. g3 Nd5 27. Nd2 Nb6 28. R5e2 R6d7 29. f4 h6 30. Nf3 Rc7 31. h5 gxh5 32. Nh4 Kf6 33. Bd3 c5 34. dxc5 Rxc5 35. Bb1 Bc4 36. Re5 Rd2+ 37. Ke3 Rcd5 38. Rxf5+ Rxf5 39. Kxd2 Rb5 40. b4 Rd5+ 41. Ke3 Bb5 42. Nf3 Nc4+ 43. Kf2 Rd7 44. Nd4 Bc6 45. Ba2 Nxa3 46. Re5 a6 47. Rxh5 Nb5 48. Rxh6+ Kg7 49. Nf5+ Kg8 50. c4 Nc3 51. Bb3 Rd3 52. Ne7+ Kg7 53. Nf5+ Kg8 54. Ne7+ Kf8 55. Nxc6 bxc6 56. Ke1 Ne4 57. Bc2 Rxg3 58. Rxc6 f5 59. Bxe4 Re3+ 60. Kf2 Rxe4 61. Kf3 Ke7 62. b5 axb5 63. cxb5 Rb4 64. b6 Kd7 65. Rf6 Rb3+ 66. Ke2 Ke7 67. Rh6 Kd7 68. Kf2 Rb2+ 69. Kg3 Rb4 70. b7 Kc7 71. Rh7+ Kb8 72. Rf7 Ka7 73. Rxf5 Kxb7 74. Rc5 Kb6 75. Rc3 Rb1 76. Kg4 Rg1+ 77. Kf5 Rf1 78. Ke5 Re1+ 79. Kf6 Rf1 80. f5 Kb7 81. Ke6 Re1+ 82. Kf7 Rf1 83. f6 Rd1 84. Kg7 Rg1+ 85. Kf8 Rf1 86. f7 Rf2 87. Rc4 Rf1 88. Ke7 Re1+ 89. Kf6 Rf1+ 90. Ke6 Rf2 91. Rc5 1-0

[Event "European Online Club-ch-B 2021"]
[Site "Online"]
[Date "2021.03.27"]
[Round "4.19"]
[White "Hansen, Sune Berg"]
[Black "Sokolov, Andrei"]
[Result "1/2-1/2"]
[ECO "D02"]
[WhiteElo "2533"]
[BlackElo "2516"]
[Annotator "ChessBase"]
[PlyCount "109"]
[EventDate "2021.03.27"]
[EventType "team-tourn"]
[EventCountry "NET"]
[SourceTitle "playchess.com"]
[Source "ChessBase"]
[SourceQuality "1"]
[TimeControl "900+5"]

1. d4 Nf6 2. Bf4 e6 3. e3 d5 4. Nd2 Bd6 5. Bg3 O-O 6. Ngf3 c5 7. c3 Qc7 8. dxc5 Bxg3 9. hxg3 Nbd7 10. c4 dxc4 11. Bxc4 Nxc5 12. Rc1 Qb6 13. Qc2 Bd7 14. g4 h6 15. g5 hxg5 16. Nxg5 Rfc8 17. O-O Bb5 18. Rfd1 Ncd7 19. Nge4 Nxe4 20. Qxe4 Nf6 21. Qb1 Rd8 22. Bxb5 Qxb5 23. Qc2 Qd3 24. Qxd3 Rxd3 25. Kf1 Rad8 26. Ke2 Kf8 27. Nc4 Rxd1 28. Rxd1 Rxd1 29. Kxd1 Ne8 30. e4 Ke7 31. Na5 Nd6 32. e5 Ne4 33. f3 Nc5 34. Kd2 Kd7 35. b4 Na6 36. a3 b6 37. Nc4 Nc7 38. Kd3 f5 39. exf6 gxf6 40. Ne3 b5 41. g4 Kd6 42. f4 Na8 43. g5 fxg5 44. fxg5 Ke5 45. Nc2 Nb6 46. Nd4 a6 47. g6 Kf6 48. g7 Kxg7 49. Nxe6+ Kf6 50. Nc7 Nc4 51. Nxa6 Nxa3 52. Kc3 Ke5 53. Nc7 Kd6 54. Nxb5+ Nxb5+ 55. Kc4 1/2-1/2

[Event "European Online Club-ch-B 2021"]
[Site "Online"]
[Date "2021.03.27"]
[Round "4.20"]
[White "Riff, Jean-Noel"]
[Black "Engel, Luis"]
[Result "1-0"]
[ECO "B68"]
[WhiteElo "2499"]
[BlackElo "2553"]
[Annotator "ChessBase"]
[PlyCount "119"]
[EventDate "2021.03.27"]
[EventType "team-tourn"]
[EventCountry "NET"]
[SourceTitle "playchess.com"]
[Source "ChessBase"]
[SourceQuality "1"]
[TimeControl "900+5"]

1. e4 c5 2. Nf3 d6 3. d4 cxd4 4. Nxd4 Nf6 5. Nc3 Nc6 6. Bg5 e6 7. Qd2 a6 8. O-O-O Bd7 9. f4 Be7 10. Nf3 b5 11. Kb1 b4 12. Bxf6 Bxf6 13. Ne2 Be7 14. f5 exf5 15. exf5 Bxf5 16. Qd5 Qc8 17. Ned4 Bd7 18. Qe4 Ra7 19. Bd3 Kf8 20. Qf4 Nxd4 21. Nxd4 Qc5 22. Rhe1 h5 23. Nb3 Qb6 24. Bc4 Be8 25. Rf1 Rh6 26. Bd5 Bf6 27. Nd4 Bxd4 28. Qxd4 Qxd4 29. Rxd4 a5 30. Rc4 Re7 31. Rc8 Rf6 32. Rd1 Rf2 33. Bf3 g5 34. a3 g4 35. Ba8 bxa3 36. bxa3 Kg7 37. Rxd6 Re5 38. Rd5 Rxd5 39. Bxd5 Bd7 40. Rc7 Ba4 41. c4 Bb3 42. Rd7 Ba4 43. Ra7 Bc2+ 44. Kc1 Bd3 45. Rxa5 f5 46. c5 h4 47. c6 Rc2+ 48. Kd1 h3 49. gxh3 gxh3 50. Ra7+ Kf6 51. c7 Ke5 52. Bb3 Rc6 53. Ba4 Rc5 54. Ra5 Rxa5 55. c8=Q Kd4 56. Qd8+ Rd5 57. Qf6+ Ke3 58. Qg5+ Kd4 59. Bb3 Rb5 60. Bc2 1-0

[Event "European Online Club-ch-B 2021"]
[Site "Online"]
[Date "2021.03.27"]
[Round "5.1"]
[White "Edouard, Romain"]
[Black "Chlpik, Martin"]
[Result "1-0"]
[ECO "A67"]
[WhiteElo "2614"]
[BlackElo "2199"]
[Annotator "ChessBase"]
[PlyCount "65"]
[EventDate "2021.03.27"]
[EventType "team-tourn"]
[EventCountry "NET"]
[SourceTitle "playchess.com"]
[Source "ChessBase"]
[SourceQuality "1"]
[TimeControl "900+5"]

1. d4 Nf6 2. c4 c5 3. d5 e6 4. Nc3 exd5 5. cxd5 d6 6. e4 g6 7. f4 Bg7 8. Bb5+ Nfd7 9. Nf3 a6 10. Bd3 b5 11. O-O O-O 12. a3 Re8 13. Kh1 Nf6 14. f5 Nbd7 15. Bg5 Qb6 16. Qe1 b4 17. axb4 cxb4 18. Na4 Qc7 19. Qh4 a5 20. Rac1 Qb8 21. Nd4 Ba6 22. Nc6 Qb7 23. Bxa6 Qxa6 24. fxg6 Rxe4 25. gxf7+ Kh8 26. Qg3 Qb5 27. Bxf6 Nxf6 28. Qxd6 Qxa4 29. Rxf6 Bf8 30. Qg3 Bg7 31. Re6 Rxe6 32. dxe6 Bf6 33. Nb8 1-0

[Event "European Online Club-ch-B 2021"]
[Site "Online"]
[Date "2021.03.27"]
[Round "5.2"]
[White "Solcan, Martin"]
[Black "Fontaine, Robert"]
[Result "0-1"]
[ECO "A07"]
[WhiteElo "2076"]
[BlackElo "2550"]
[Annotator "ChessBase"]
[PlyCount "242"]
[EventDate "2021.03.27"]
[EventType "team-tourn"]
[EventCountry "NET"]
[SourceTitle "playchess.com"]
[Source "ChessBase"]
[SourceQuality "1"]
[TimeControl "900+5"]

1. g3 d5 2. Bg2 c6 3. d3 Nf6 4. Nf3 Bg4 5. O-O Nbd7 6. c4 e6 7. a3 Bd6 8. Nbd2 O-O 9. b4 a5 10. Rb1 axb4 11. axb4 Qe7 12. Qb3 e5 13. h3 Be6 14. Ng5 b5 15. Nxe6 fxe6 16. Nf3 Rfb8 17. c5 Bc7 18. Bb2 Qe8 19. Ra1 Rxa1 20. Rxa1 Ra8 21. Rxa8 Qxa8 22. Qa3 Qxa3 23. Bxa3 Kf7 24. Nd2 Ke7 25. e4 Nb8 26. Kf1 Na6 27. Ke2 g5 28. Nb3 Kd7 29. Kd2 Ke7 30. Ke2 Nd7 31. Kd2 Kf6 32. Ke2 Bd8 33. Kd2 Nf8 34. Ke2 Ng6 35. Kd2 h5 36. Ke2 Ke7 37. Kd2 Kd7 38. Ke2 Be7 39. Kd2 Kc7 40. Ke2 Nf8 41. Kd2 h4 42. Ke2 Nd7 43. Bf3 Nf6 44. Kd2 Kd7 45. Ke2 Nc7 46. Bb2 Na6 47. Ba3 Bd8 48. Kd2 Bc7 49. Ke2 Bb8 50. Kd2 Nc7 51. Bb2 Nce8 52. Ke2 Ng7 53. Bc1 Nh7 54. Kd2 Bc7 55. Ke2 Bd8 56. Kd1 Bf6 57. Ke2 Ne8 58. Kd1 Nc7 59. Ke2 Na6 60. Ba3 Bg7 61. Kd2 Nf6 62. Ke2 Bh6 63. Kd1 g4 64. hxg4 h3 65. Ke2 h2 66. Nd2 Nxg4 67. Nb3 Bg5 68. Bh1 Nc7 69. Bb2 Na6 70. Ba3 Kc7 71. Bf3 Nb8 72. Bb2 Nd7 73. Bc1 Bxc1 74. Nxc1 Nb8 75. Bg2 Na6 76. Na2 Kd7 77. f3 Nf6 78. Kf2 Nh5 79. Bh1 Ke7 80. Kg2 Kf6 81. Kxh2 Kg5 82. Kg2 Nf6 83. Kf2 Nc7 84. Bg2 Nd7 85. Bh3 Nf8 86. Nc3 d4 87. Na2 Ng6 88. Nc1 Kf6 89. Na2 Kg5 90. Nc1 Nh8 91. Na2 Nf7 92. Nc1 Nd8 93. Na2 Na6 94. Bg4 Kf6 95. f4 Nb7 96. Bh5 Nd8 97. Be8 Nc7 98. Bh5 exf4 99. gxf4 e5 100. Kf3 Nde6 101. f5 Nf4 102. Bg4 Nxd3 103. Ke2 Nf4+ 104. Kf3 Na6 105. Kg3 Nd3 106. Bh5 Naxb4 107. Nxb4 Nxb4 108. Be8 Ke7 109. Bh5 Nd3 110. Kf3 Nxc5 111. Bg6 Nd3 112. Bh7 c5 113. Ke2 Nf4+ 114. Kd2 Kf8 115. f6 Kf7 116. Bf5 c4 117. Bd7 c3+ 118. Kc2 b4 119. Bb5 d3+ 120. Kb3 Kxf6 121. Kxb4 c2 0-1

[Event "European Online Club-ch-B 2021"]
[Site "Online"]
[Date "2021.03.27"]
[Round "5.3"]
[White "Sokolov, Andrei"]
[Black "Lecky, Juraj"]
[Result "1-0"]
[ECO "B85"]
[WhiteElo "2516"]
[BlackElo "2070"]
[Annotator "ChessBase"]
[PlyCount "93"]
[EventDate "2021.03.27"]
[EventType "team-tourn"]
[EventCountry "NET"]
[SourceTitle "playchess.com"]
[Source "ChessBase"]
[SourceQuality "1"]
[TimeControl "900+5"]

1. e4 c5 2. Nf3 d6 3. d4 cxd4 4. Nxd4 Nf6 5. Nc3 a6 6. Be2 e6 7. a4 Be7 8. f4 Nc6 9. Be3 O-O 10. O-O Qc7 11. Kh1 Re8 12. Bf3 Rb8 13. g4 Nxd4 14. Bxd4 e5 15. Ba7 Ra8 16. Bf2 Be6 17. g5 Nd7 18. f5 Bc4 19. Rg1 g6 20. Rg2 b5 21. Be3 Qc6 22. f6 Bd8 23. axb5 Bxb5 24. Nxb5 axb5 25. Rxa8 Qxa8 26. Qxd6 Nf8 27. Rg1 Qc8 28. Qc5 Qb7 29. Qd5 Qc8 30. Qxb5 Re6 31. Bg4 Qxc2 32. Bxe6 Qxe4+ 33. Rg2 Qxe3 34. Bd5 e4 35. Qe2 Qd4 36. Qxe4 Qd1+ 37. Rg1 Qd2 38. Re1 Bb6 39. Re2 Qd1+ 40. Kg2 Qg1+ 41. Kh3 Qf1+ 42. Qg2 Qf5+ 43. Qg4 Qf1+ 44. Bg2 Qb1 45. Re8 Qc2 46. Qe4 Qd1 47. Rxf8+ 1-0

[Event "European Online Club-ch-B 2021"]
[Site "Online"]
[Date "2021.03.27"]
[Round "5.4"]
[White "Nikel, Rastislav"]
[Black "Miralles, Gilles"]
[Result "0-1"]
[ECO "B88"]
[WhiteElo "1984"]
[BlackElo "2418"]
[Annotator "NA"]
[PlyCount "40"]
[EventDate "2021.03.27"]
[EventType "team-tourn"]
[EventCountry "NET"]
[SourceTitle "playchess.com"]
[Source "ChessBase"]
[SourceQuality "1"]
[TimeControl "900+5"]

1. e4 c5 2. Nf3 d6 3. d4 cxd4 4. Nxd4 Nf6 5. Nc3 Nc6 6. Bc4 e6 7. O-O Be7 8. Be3 O-O 9. Qe2 a6 10. f4 d5 11. exd5 exd5 12. Bd3 Re8 13. h3 Bc5 14. Qf2 Rxe3 15. Nxc6 bxc6 16. Nd1 Qb6 17. b4 Bd4 18. c3 Rxd3 19. cxd4 Qxd4 20. Nb2 Rd2 0-1

[Event "European Online Club-ch-B 2021"]
[Site "Online"]
[Date "2021.03.27"]
[Round "5.5"]
[White "Santos Latasa, Jaime"]
[Black "Grandelius, Nils"]
[Result "1/2-1/2"]
[ECO "B15"]
[WhiteElo "2608"]
[BlackElo "2663"]
[Annotator "ChessBase"]
[PlyCount "60"]
[EventDate "2021.03.27"]
[EventType "team-tourn"]
[EventCountry "NET"]
[SourceTitle "playchess.com"]
[Source "ChessBase"]
[SourceQuality "1"]
[TimeControl "900+5"]

1. e4 c6 2. d4 d5 3. Nd2 dxe4 4. Nxe4 Nf6 5. Nxf6+ exf6 6. Be3 Qb6 7. Qe2 Be6 8. c3 Qa5 9. Qc2 Bd6 10. Bd3 Nd7 11. Ne2 Qc7 12. h3 g6 13. O-O O-O 14. Qd2 Rfe8 15. Rfe1 Nb6 16. Nf4 Nd5 17. Nxe6 Rxe6 18. Bh6 Rae8 19. Rxe6 Rxe6 20. Re1 Bf4 21. Rxe6 fxe6 22. Bxf4 Nxf4 23. Bc4 Qd6 24. Qe3 a5 25. a4 Kg7 26. h4 h6 27. g3 Nd5 28. Qe4 f5 29. Qe2 Kf6 30. f4 Nb6 1/2-1/2

[Event "European Online Club-ch-B 2021"]
[Site "Online"]
[Date "2021.03.27"]
[Round "5.6"]
[White "Svane, Rasmus"]
[Black "Admiraal, Miguoel"]
[Result "1/2-1/2"]
[ECO "A07"]
[WhiteElo "2613"]
[BlackElo "2475"]
[Annotator "ChessBase"]
[PlyCount "85"]
[EventDate "2021.03.27"]
[EventType "team-tourn"]
[EventCountry "NET"]
[SourceTitle "playchess.com"]
[Source "ChessBase"]
[SourceQuality "1"]
[TimeControl "900+5"]

1. Nf3 d5 2. g3 c6 3. Bg2 Bg4 4. O-O Nd7 5. h3 Bh5 6. d4 Ngf6 7. c4 e6 8. cxd5 cxd5 9. Qb3 Qb6 10. Nc3 Be7 11. Ne5 Qxd4 12. Nxd7 Nxd7 13. Qxb7 Rb8 14. Qc6 Qb6 15. Qa4 Rd8 16. g4 Bg6 17. Be3 Qxb2 18. Bd4 Qb4 19. Qxb4 Bxb4 20. Bxg7 Rg8 21. Bd4 Bc5 22. Bxc5 Nxc5 23. Rac1 Nd7 24. Nb5 a6 25. Nc7+ Ke7 26. Rc6 Rb8 27. f4 Rb6 28. Rxb6 Nxb6 29. f5 exf5 30. gxf5 Bh5 31. Rb1 Kd6 32. Rxb6+ Kxc7 33. Rf6 Bxe2 34. Rxf7+ Kd6 35. Kf2 Bc4 36. Bf3 Ke5 37. Bg4 Bxa2 38. Rxh7 d4 39. Re7+ Kf4 40. Rd7 Ke5 41. Re7+ Kf4 42. Rd7 Ke5 43. Re7+ 1/2-1/2

[Event "European Online Club-ch-B 2021"]
[Site "Online"]
[Date "2021.03.27"]
[Round "5.7"]
[White "Matnadze, Ana"]
[Black "Hansen, Sune Berg"]
[Result "0-1"]
[ECO "D78"]
[WhiteElo "2421"]
[BlackElo "2533"]
[Annotator "ChessBase"]
[PlyCount "90"]
[EventDate "2021.03.27"]
[EventType "team-tourn"]
[EventCountry "NET"]
[SourceTitle "playchess.com"]
[Source "ChessBase"]
[SourceQuality "1"]
[TimeControl "900+5"]

1. d4 d5 2. Nf3 Nf6 3. g3 g6 4. Bg2 Bg7 5. O-O O-O 6. c4 c6 7. Qb3 Qb6 8. Nc3 Rd8 9. c5 Qa6 10. Bf4 Nbd7 11. Bc7 Re8 12. Rfc1 b6 13. cxb6 axb6 14. Ne5 Bb7 15. e4 e6 16. a4 Rac8 17. Bd6 Nxe5 18. dxe5 Nd7 19. exd5 exd5 20. f4 f6 21. Bh3 Rcd8 22. Bc7 fxe5 23. Bxd8 Rxd8 24. Ne4 Nf8 25. f5 gxf5 26. Bxf5 h6 27. Rf1 Kh8 28. Nf2 e4 29. Rad1 Re8 30. Ng4 c5 31. Qe3 d4 32. Qf4 e3 33. Nf6 Qe2 34. Be4 Bxe4 35. Nxe4 Qc2 36. Nd6 e2 37. Nf7+ Kh7 38. Rc1 exf1=Q+ 39. Qxf1 Qe4 40. Nd6 Qe3+ 41. Kh1 Re5 42. Nc4 Qe4+ 43. Kg1 Rf5 44. Qd1 d3 45. Qd2 Bd4+ 0-1

[Event "European Online Club-ch-B 2021"]
[Site "Online"]
[Date "2021.03.27"]
[Round "5.8"]
[White "Kramer, Julian"]
[Black "De Rover, Yong Hoon"]
[Result "1-0"]
[ECO "B90"]
[WhiteElo "2419"]
[BlackElo "2349"]
[Annotator "NA"]
[PlyCount "37"]
[EventDate "2021.03.27"]
[EventType "team-tourn"]
[EventCountry "NET"]
[SourceTitle "playchess.com"]
[Source "ChessBase"]
[SourceQuality "1"]
[TimeControl "900+5"]

1. e4 c5 2. Nf3 d6 3. d4 cxd4 4. Nxd4 Nf6 5. Nc3 a6 6. a3 e5 7. Nf5 d5 8. Bg5 d4 9. Bxf6 gxf6 10. Nb1 Bxf5 11. exf5 Qd5 12. Qh5 Nd7 13. Nd2 Rc8 14. Bd3 Nc5 15. Bc4 Qd7 16. b4 b5 17. Ba2 Na4 18. Be6 Qc6 19. Qxf7+ 1-0

[Event "European Online Club-ch-B 2021"]
[Site "Online"]
[Date "2021.03.27"]
[Round "5.11"]
[White "Veinberg, Nimrod"]
[Black "Sasikiran, Krishnan"]
[Result "1/2-1/2"]
[ECO "D11"]
[WhiteElo "2404"]
[BlackElo "2647"]
[Annotator "ChessBase"]
[PlyCount "73"]
[EventDate "2021.03.27"]
[EventType "team-tourn"]
[EventCountry "NET"]
[SourceTitle "playchess.com"]
[Source "ChessBase"]
[SourceQuality "1"]
[TimeControl "900+5"]

1. d4 d5 2. c4 c6 3. Nf3 Nf6 4. g3 Bg4 5. Ne5 Bf5 6. Nc3 e6 7. Qb3 Qb6 8. c5 Qc7 9. Bf4 Qc8 10. Bg2 Nbd7 11. O-O Be7 12. f3 Bg6 13. g4 Nxe5 14. Bxe5 O-O 15. Qd1 Nd7 16. Bg3 f5 17. Qd2 b6 18. b4 a5 19. a3 axb4 20. axb4 Rxa1 21. Rxa1 bxc5 22. bxc5 e5 23. gxf5 Bxf5 24. e3 exd4 25. exd4 Bf6 26. Ra7 Re8 27. Ne2 Nf8 28. Nf4 Ne6 29. Nxe6 Qxe6 30. Bf2 Qe2 31. Qxe2 Rxe2 32. Rc7 Rd2 33. Bf1 Rd1 34. Kg2 Rd2 35. Kg1 Rd1 36. Kg2 Rd2 37. Kg1 1/2-1/2

[Event "European Online Club-ch-B 2021"]
[Site "Online"]
[Date "2021.03.27"]
[Round "5.12"]
[White "Ragger, Markus"]
[Black "Zlatin, Alexander"]
[Result "1/2-1/2"]
[ECO "C42"]
[WhiteElo "2680"]
[BlackElo "2343"]
[Annotator "ChessBase"]
[PlyCount "88"]
[EventDate "2021.03.27"]
[EventType "team-tourn"]
[EventCountry "NET"]
[SourceTitle "playchess.com"]
[Source "ChessBase"]
[SourceQuality "1"]
[TimeControl "900+5"]

1. e4 e5 2. Nf3 Nf6 3. Nxe5 d6 4. Nc4 Nxe4 5. Qe2 Qe7 6. Ne3 c6 7. b3 Nd7 8. Bb2 Ndf6 9. g3 d5 10. Bg2 h5 11. d3 Nd6 12. Nd2 Nf5 13. Nf3 Nxe3 14. Qxe3 Qxe3+ 15. fxe3 Bb4+ 16. Ke2 Be7 17. Rhf1 Bg4 18. h3 Bxf3+ 19. Rxf3 O-O 20. Rf5 Nh7 21. g4 h4 22. c4 dxc4 23. bxc4 g6 24. Rff1 Rfe8 25. Rab1 Bg5 26. Bd4 Re7 27. Rb3 Rae8 28. Be4 b6 29. c5 bxc5 30. Bxc5 Re5 31. Bd4 Ra5 32. a3 c5 33. Bc3 Ra6 34. Rb7 Nf6 35. Bxf6 Rxf6 36. Rxf6 Bxf6 37. Rxa7 Bg5 38. Rc7 Re5 39. Rc8+ Kg7 40. Rc7 Kf8 41. Rc8+ Ke7 42. Rc7+ Kf8 43. Rc8+ Ke7 44. Rc7+ Kf8 1/2-1/2

[Event "European Online Club-ch-B 2021"]
[Site "Online"]
[Date "2021.03.27"]
[Round "5.13"]
[White "Efimov, Igor"]
[Black "Brunner, Nicolas"]
[Result "0-1"]
[ECO "D45"]
[WhiteElo "2416"]
[BlackElo "2418"]
[Annotator "NA"]
[PlyCount "56"]
[EventDate "2021.03.27"]
[EventType "team-tourn"]
[EventCountry "NET"]
[SourceTitle "playchess.com"]
[Source "ChessBase"]
[SourceQuality "1"]
[TimeControl "900+5"]

1. d4 d5 2. Nf3 Nf6 3. c4 e6 4. Nc3 c6 5. e3 Nbd7 6. Qc2 Bd6 7. Bd2 O-O 8. O-O-O b5 9. c5 Bc7 10. Bd3 a5 11. e4 dxe4 12. Nxe4 Ba6 13. Ne5 Nxe5 14. dxe5 Bxe5 15. Bg5 Qc7 16. Nxf6+ gxf6 17. Be3 Kh8 18. Qe2 f5 19. Qh5 Rg8 20. g4 Rxg4 21. Bxf5 exf5 22. Qxf5 Bc8 23. Qh5 Be6 24. h3 Rg6 25. Kb1 Bd5 26. Rhe1 Bg7 27. f4 Rg2 28. Rg1 Be4+ 0-1

[Event "European Online Club-ch-B 2021"]
[Site "Online"]
[Date "2021.03.27"]
[Round "5.14"]
[White "Mathieu, Phileas"]
[Black "Bagheri, Amir"]
[Result "1-0"]
[ECO "B11"]
[WhiteElo "2240"]
[BlackElo "2348"]
[Annotator "NA"]
[PlyCount "91"]
[EventDate "2021.03.27"]
[EventType "team-tourn"]
[EventCountry "NET"]
[SourceTitle "playchess.com"]
[Source "ChessBase"]
[SourceQuality "1"]
[TimeControl "900+5"]

1. e4 c6 2. Nc3 d5 3. Nf3 Bg4 4. h3 Bxf3 5. Qxf3 e6 6. g3 Nf6 7. Bg2 dxe4 8. Nxe4 Nxe4 9. Qxe4 Qd5 10. d4 Nd7 11. O-O Qxe4 12. Bxe4 Nf6 13. Bf3 Rd8 14. Be3 h5 15. c4 a6 16. Rab1 Bb4 17. a3 Be7 18. b4 O-O 19. Kg2 Rd7 20. a4 Rc8 21. Rfc1 g6 22. b5 axb5 23. axb5 c5 24. dxc5 Bxc5 25. Bg5 Nh7 26. Bf4 b6 27. Rd1 Rcd8 28. Rxd7 Rxd7 29. Bc6 Ra7 30. Be3 Bxe3 31. fxe3 Ra2+ 32. Kf3 Rc2 33. Ke4 Rxc4+ 34. Ke5 Rc3 35. Kd6 Nf6 36. e4 Rc5 37. Kc7 Nxe4 38. Kxb6 Rc4 39. Bxe4 Rxe4 40. Kc5 Re5+ 41. Kc6 Re3 42. b6 Rc3+ 43. Kd7 Kf8 44. b7 Rd3+ 45. Kc7 Rc3+ 46. Kb6 1-0